[Event "31st MPL National U18 Chess-ch 2022"]
[Site "Pollachi"]
[Date "2022.04.19"]
[Round "4.10"]
[White "Gandhi, Aakash"]
[Black "Rakshith Srinivasan"]
[Result "1/2-1/2"]
[ECO "E61"]
[WhiteElo "1698"]
[BlackElo "1856"]
[Annotator "NA RC"]
[PlyCount "92"]
[EventDate "2022.04.18"]
[EventCountry "IND"]
[SourceTitle "playchess.com"]
[Source "ChessBase"]
[SourceQuality "1"]
[TimeControl "5400+30"]

1. d4 Nf6 2. c4 g6 3. Nc3 Bg7 4. Nf3 O-O 5. Bg5 d6 6. e3 Nbd7 7. Be2 h6 8. Bh4 c6 9. O-O g5 10. Bg3 Nh5 11. Qc2 Nxg3 12. hxg3 e5 13. Rad1 Qe7 14. Bd3 Nf6 15. c5 dxc5 16. Nxe5 Ng4 17. Nxg4 Bxg4 18. f3 Be6 19. dxc5 Qxc5 20. Qf2 Rad8 21. Qe2 (21. Bb1 $142) 21... Rd7 ({Black should try} 21... Bxc3 $17 22. Rc1 {[#]} Qxe3+ $1 23. Qxe3 Bd4 24. Qxd4 (24. Bh7+ $2 Kxh7 25. Qxd4 Rxd4 $19) 24... Rxd4) 22. f4 (22. Ne4 $11 {keeps the balance.} Qb4 23. b3) 22... gxf4 ({Black should play} 22... Bxc3 $17 23. bxc3 Qxc3) 23. gxf4 f5 24. Rc1 Qe7 25. Na4 (25. Rfd1 $11) 25... Bd5 ({Don't play} 25... Bxa2 $6 26. Nc5 Rd6 27. b3 $11) ({Better is} 25... Rd6 $17 26. Nc3 b5) 26. Nc5 {[%emt 0:00:00] [#]} (26. Nc3 $11) 26... Rd6 $1 27. Bc4 Re8 (27... Bxc4 $17 28. Rxc4 (28. Qxc4+ Rd5 $17) 28... Re8) 28. Rf3 {[%emt 0:00:00] [#]} (28. Rfe1 $1 $15) 28... b6 ({Black should play} 28... Bd4 $1 $17 29. exd4 Qxe2 30. Bxe2 Rxe2) 29. Nb3 Re6 ({Better is} 29... c5 $15) 30. Bxd5 cxd5 31. Qd3 Rxe3 32. Qxd5+ ({Better is} 32. Qxf5 $11 Kh8 33. Qxd5) 32... Kh8 33. Rcf1 Rxf3 34. Rxf3 Qe1+ ({Don't play} 34... Bxb2 $6 35. Qxf5 Bf6 36. Kh2 $11) 35. Rf1 Qe4 36. Qd7 a5 37. Kh2 Bxb2 38. Rf3 Bg7 39. Rg3 (39. Nd2 $15 Qe6 40. Qxe6 Rxe6 41. Rd3) 39... Rg8 40. Qc7 Qe6 41. Nd2 Qe1 42. Qd7 $1 Qd1 ({Don't play} 42... Qf2 43. Nf3 Bf6 44. Rxg8+ Kxg8 45. Qxf5 $14) 43. Qd6 b5 44. a3 a4 45. Rf3 Qe1 46. Rh3 Re8 $11 1/2-1/2

[Event "31st MPL National U18 Chess-ch 2022"]
[Site "Pollachi"]
[Date "2022.04.20"]
[Round "5.1"]
[White "Bharath Subramaniyam H"]
[Black "Mahendra Teja Mekala"]
[Result "1-0"]
[ECO "A13"]
[WhiteElo "2508"]
[BlackElo "1875"]
[Annotator "TA"]
[PlyCount "73"]
[EventDate "2022.04.18"]
[EventCountry "IND"]
[SourceTitle "playchess.com"]
[Source "ChessBase"]
[SourceQuality "1"]
[TimeControl "5400+30"]

1. b3 Nf6 2. Bb2 e6 3. Nf3 d5 4. c4 Be7 5. e3 O-O 6. Nc3 b6 7. cxd5 {[%emt 0:02:37] A13: English Opening: 1...e6.} exd5 8. d4 Be6 ({Black should play} 8... Re8 $11) 9. Bd3 $14 {[%emt 0:03:33] White is slightly better.} c5 10. Rc1 Nbd7 11. O-O {[%emt 0:02:13] [#] &Bianco is more active.} Rc8 $146 ({Predecessor:} 11... Re8 12. Bb1 a6 13. Ne5 cxd4 14. Nc6 dxc3 15. Nxd8 cxb2 16. Rc7 Rexd8 17. Qe2 Bd6 {0-1 (33) Johnson,B (2118)-Ronka,E (2324) Chess.com INT 2021}) 12. h3 Bd6 13. Ba6 Rb8 14. Nb5 Ne4 15. Nxd6 Nxd6 16. dxc5 bxc5 17. Bd3 {[%emt 0:10:39] A strong pair of Bishops.} Rc8 18. Bb1 $40 {[%emt 0:05:49][%mdl 128] White has some attack.} Qe7 19. Qe2 Ne4 20. Rfd1 f5 21. Qa6 Rce8 22. Qxa7 g5 $2 {[%emt 0:02:47] Black is on the road to losing.} (22... f4 $1 $11 23. Re1 fxe3 24. Rxe3 Qd6) 23. Ne5 $18 Ra8 24. Qb7 {[%emt 0:00:16] [#] Threatens to win with Bxe4.} Rfb8 25. Nc6 $1 Qf7 (25... Rxb7 26. Nxe7+ Kf7) 26. Nxb8 {[%emt 0:00:15] White is clearly winning.} Rxb8 27. Qc7 Rf8 28. f3 Nef6 29. Qg3 h6 30. a4 f4 31. Qe1 fxe3 32. Bxf6 Nxf6 33. Rxc5 Bxh3 34. Qxe3 Bxg2 35. Kxg2 Nh5 36. Rdc1 {[%emt 0:01:16] [#] Strongly threatening Rc8.} Nf4+ 37. Kg1 {[%emt 0:00:28] Weighted Error Value: White=0.03 (flawless) /Black=0.46} 1-0

[Event "31st MPL National U18 Chess-ch 2022"]
[Site "Pollachi"]
[Date "2022.04.20"]
[Round "5.2"]
[White "Soham Kamotra"]
[Black "Krishnan Ritvik"]
[Result "1-0"]
[ECO "A37"]
[WhiteElo "2229"]
[BlackElo "1761"]
[Annotator "TA"]
[PlyCount "133"]
[EventDate "2022.04.18"]
[EventCountry "IND"]
[SourceTitle "playchess.com"]
[Source "ChessBase"]
[SourceQuality "1"]
[TimeControl "5400+30"]

1. c4 g6 2. g3 Bg7 3. Bg2 c5 4. Nc3 Nc6 5. Nf3 e6 6. d3 Nge7 7. h4 h6 {[%emt 0:00:29] A37: Symmetrical English vs ...g6: 4 Bg2 Bg7 5 Nf3.} 8. Bf4 d5 {[%emt 0:02:58] [#]} 9. O-O $146 ({Predecessor:} 9. cxd5 exd5 10. Rc1 b6 11. Qd2 Ba6 12. O-O Qd7 13. a3 Rc8 14. b4 cxb4 15. axb4 Nxb4 {1-0 (35) Grachev,B (2621)-Dvalishvili,P (2414) Moscow 2019}) 9... d4 {[%emt 0:04:48] The position is equal.} 10. Na4 e5 (10... b6 $1 $11) 11. Bd2 $14 b6 12. a3 $1 Qd6 13. b4 Rb8 (13... cxb4 14. axb4 Rb8 15. b5 $16) 14. Rb1 cxb4 15. axb4 b5 16. cxb5 ({Don't play} 16. Nc5 bxc4 17. Ne4 (17. dxc4 Bf5 $11) 17... Qc7 18. dxc4 O-O $14) 16... Rxb5 17. Nc5 O-O 18. Qc1 (18. Qa4 $14 a6 19. Ne1 (19. Nxa6 Bxa6 20. Qxa6 Rfb8 $14)) 18... Qb8 19. Bxh6 Nxb4 20. Bxg7 Kxg7 21. Qc4 {[%emt 0:00:00][%cal Of3e5] Hoping for Nxe5!} (21. h5 $5) 21... Nec6 (21... a6 $11 {remains equal.}) 22. Ng5 Na5 23. Qc1 $36 {[%emt 0:00:00][%cal Oh4h5][%mdl 2048] Keeping Black busy. &Bianco is much more active.} Na2 {[%emt 0:02:01] [#]} (23... Qb6 $16 24. Nge4 Qd8) 24. Rxb5 $1 $18 Qxb5 25. Qa3 Nc3 26. Ra1 Nc6 27. Bf3 {[%emt 0:00:00] Black must now prevent Nce4.} a5 28. h5 (28. Nce4 $18 {Threatens to win with Qd6.} Nxe4 29. Bxe4) 28... Rh8 $2 (28... Nb4 $16 29. Nce4 (29. Qxa5 Qxa5 30. Rxa5 gxh5 $14) 29... Nxe4 30. Nxe4 f6 31. Qxa5 Qxa5 32. Rxa5 gxh5) 29. Nce4 $1 Nxe4 30. Nxe4 gxh5 (30... Nb4 $142 31. Qxa5 Qxa5 32. Rxa5 gxh5 33. Rxe5 Be6 34. Rg5+ (34. Rxh5 Rxh5 35. Bxh5 Kh6 $18) 34... Kf8 35. Bxh5 Nd5) 31. Nd6 ({Not} 31. Qd6 Rh6 32. Qc7 Qb7 33. Qxb7 Bxb7 $11) 31... Qb6 32. Qc1 $2 (32. Bxc6 $18 Qxc6 33. Rc1) 32... Ne7 $1 $11 33. Nc4 {[%emt 0:00:00][%mdl 64] Deflection} Qf6 34. Rxa5 Ng6 35. Nd2 Qg5 36. Rc5 Bg4 37. Ne4 Qxc1+ 38. Rxc1 Bxf3 39. exf3 {[%emt 0:00:00][%mdl 4096] Endgame KRN-KRN} Ra8 40. Rc7 Ra3 41. Nd6 Rxd3 42. Rxf7+ Kh6 43. Rd7 {[%emt 0:00:00] And now Nf7+ would win.} Kg5 (43... Rxf3 $11 {keeps the balance.} 44. Nf7+ Rxf7 45. Rxf7 h4) 44. Ne4+ Kh6 (44... Kf5 $2 45. Kg2 $18) 45. Nd6 (45. Kg2 $14) 45... Kg5 $16 46. Rf7 ({White should play} 46. Kg2 $1 $16) 46... h4 (46... Kh6 $11 {is superior.}) 47. Kg2 hxg3 48. fxg3 Rd1 {[%emt 0:10:27] White stays focused until the end.} (48... Rb3 $14) 49. Rf5+ Kh6 50. Nf7+ $1 Kg7 {[%emt 0:00:01] aiming for ...Ne7.} 51. Nxe5 d3 $2 {[%emt 0:01:52][%mdl 8192] [#]} (51... Nxe5 $16 52. Rxe5 Rd2+ 53. Kh3 Rf2) 52. Nxg6 $1 $18 Kxg6 {[%emt 0:00:54] KR-KR} 53. Rd5 Kf6 54. Kf2 Ke6 55. Rd8 Ke5 56. Ke3 Re1+ 57. Kd2 {[%emt 0:00:01] White wants to mate with Re8+.} Rg1 58. g4 Rf1 59. Rxd3 Kf4 {[#]} 60. Ke2 $1 {[%emt 0:00:30] Rd4+ would kill now.} Ra1 61. Rd4+ Kg3 62. g5 {[%emt 0:00:30] White mates.} Ra2+ 63. Ke3 Ra3+ 64. Ke4 Ra5 65. Rd5 Ra4+ 66. Kf5 Kxf3 67. g6 {[%emt 0:00:30] Weighted Error Value: White=0.25 (precise) /Black=0.27 (precise)} 1-0

[Event "31st MPL National U18 Chess-ch 2022"]
[Site "Pollachi"]
[Date "2022.04.20"]
[Round "5.3"]
[White "Dinesh Kumar Jaganathan"]
[Black "Srihari L R"]
[Result "0-1"]
[ECO "A30"]
[WhiteElo "1943"]
[BlackElo "2400"]
[Annotator "TA"]
[PlyCount "48"]
[EventDate "2022.04.18"]
[EventCountry "IND"]
[SourceTitle "playchess.com"]
[Source "ChessBase"]
[SourceQuality "1"]
[TimeControl "5400+30"]

1. Nf3 Nf6 2. c4 e6 3. g3 b6 4. Bg2 Bb7 5. O-O c5 6. Nc3 Be7 7. b3 O-O 8. Bb2 d6 9. d4 cxd4 10. Qxd4 a6 11. Rfd1 Qc7 12. Rac1 Nbd7 13. Ng5 {[%emt 0:09:38] 13.Nh4 is the modern continuation. A30: Symmetrical English: Double Fianchetto and Hedgehog.} (13. e4 $14) 13... Bxg2 $11 14. Kxg2 Qb7+ 15. Kg1 {[%emt 0:00:02] The position is equal.} b5 16. cxb5 axb5 17. Qb4 Nc5 18. a4 d5 {[%emt 0:14:48][%cal Oc5a4] Threatens to win with ...Nxa4!} (18... bxa4 $5 19. Qxb7 Nxb7 20. Nxa4 Na5 $15) 19. Qxb5 {[%emt 0:03:56] [#]} (19. Nxb5 $2 Nxa4 $1 20. Qxa4 Rxa4 21. bxa4 Qa6 $19) (19. Ba3 $15) 19... Rfb8 $146 ({Predecessor:} 19... Qxb5 20. Nxb5 Nxb3 21. Rc7 Rfe8 22. Rb1 Na5 23. Bc3 h6 24. Bxf6 Bxf6 25. Nxf7 Nc4 {½-½ (47) Wild,A (2236)-Boehm,M (2207) Bann 2018}) 20. Ba3 $2 (20. e3 $17) 20... Qa7 $19 (20... Nxb3 $2 21. Qxb7 Rxb7 22. Rb1 Bxa3 23. Nb5) 21. Qc6 {[%emt 0:06:18] Black must now prevent Nb5.} Rc8 ({Stronger than} 21... Rxb3 {[#]} 22. Nxd5 $1 (22. Nb5 Qxa4 23. Bxc5 Bxc5 $11) 22... exd5 23. Bxc5 Bxc5 24. Qxc5 (24. Rxc5 h6 $11) 24... Qxc5 25. Rxc5 $14) (21... Nxb3 $142 22. Bxe7 Nxc1 23. Bxf6 Rc8 $1) 22. Bxc5 $2 (22. Nb5 Rxc6 23. Nxa7 Rxa7 24. Nf3) 22... Bxc5 (22... Rxc6 $2 23. Bxa7 Ba3 24. Bd4 Bxc1 25. Rxc1 $18) 23. Nb5 Bxf2+ ({Inferior is} 23... Rxc6 24. Nxa7 Rxa7 25. b4 $17) 24. Kg2 Rxc6 {[%emt 0:00:10] White did not feel at home in the position after the opening.  Weighted Error Value: White=0.63/Black=0.20 (precise)} 0-1

[Event "31st MPL National U18 Chess-ch 2022"]
[Site "Pollachi"]
[Date "2022.04.20"]
[Round "5.4"]
[White "Avinash Ramesh"]
[Black "Manish Anto Cristiano F"]
[Result "1-0"]
[ECO "A50"]
[WhiteElo "2402"]
[BlackElo "2236"]
[Annotator "TA"]
[PlyCount "71"]
[EventDate "2022.04.18"]
[EventCountry "IND"]
[SourceTitle "playchess.com"]
[Source "ChessBase"]
[SourceQuality "1"]
[TimeControl "5400+30"]

1. d4 Nf6 2. c4 e6 3. Bf4 c5 4. d5 b5 {[%emt 0:00:00] [#]} 5. e4 $146 ({Predecessor:} 5. Nc3 a6 6. Nf3 b4 7. Na4 d6 8. e4 Nxe4 9. Bd3 Nf6 10. O-O e5 11. Re1 {0-1 (25) Paravyan,D (2647)-Shcherbakov,R (2527) Chess.com INT 2021}) 5... Nxe4 6. Bd3 {[%emt 0:02:41] A50: Queen's Fianchetto Defence (1 d4 Nf6 2 c4 b6).} Nf6 7. dxe6 fxe6 ({Don't take} 7... dxe6 8. Qf3 Na6 9. a3 $14 (9. Qxa8 Nb4 $14)) 8. cxb5 {[%emt 0:22:03] Black is slightly better.} Bb7 9. Nf3 Be7 10. O-O O-O 11. Ng5 (11. Nbd2 $11) 11... Nd5 $2 (11... a6 $15 12. Nc3 axb5 13. Nxb5 (13. Bxb5 Nc6 $15) 13... h6) 12. Bxh7+ $18 Kh8 {[%emt 0:00:00] [#] Black is on the road to losing.} 13. Be4 $1 {[%emt 0:00:14] White wants to mate with Qh5+.} Nxf4 14. Bxb7 Bxg5 15. Bxa8 {[%emt 0:01:33] Black must now prevent g3.} Qf6 16. Nc3 {[%emt 0:02:02] And now g3 would win.} d5 17. Bc6 {[%emt 0:06:12] Inhibits Nd7. g3 is the strong threat.} Bh6 18. Ne2 Ng6 19. Qc2 c4 20. b3 Ne5 21. bxc4 Nxc4 22. Qc3 Qe7 $2 (22... Qxc3 {was worth a try.} 23. Nxc3 Rc8) 23. Rad1 Nxc6 24. bxc6 Rc8 25. Nd4 Qf6 26. Qh3 Nb2 27. Rd2 Nc4 28. Rd3 Nb2 {[%emt 0:00:05] [#]} 29. Rb3 Qxd4 (29... Kh7 30. Nxe6) 30. Qxe6 Rc7 31. Qf5 {[%emt 0:02:29] White mates.} g5 32. Qg6 Bf8 33. Rh3+ Qh4 34. Rxh4+ gxh4 35. Qf6+ Bg7 36. Qd8+ {[%emt 0:00:06] Weighted Error Value: White=0.13 (very precise) /Black=0.78} (36. Qxh4+ $142 Kg8 37. Qd8+ Bf8 38. Qxc7 Nc4 39. Qg3+ Kf7 40. Qf4+ Kg8 41. c7) 1-0

[Event "31st MPL National U18 Chess-ch 2022"]
[Site "Pollachi"]
[Date "2022.04.20"]
[Round "5.5"]
[White "Harshad S"]
[Black "Dinesh Rajan M"]
[Result "1/2-1/2"]
[ECO "C64"]
[WhiteElo "2328"]
[BlackElo "1912"]
[Annotator "TA"]
[PlyCount "84"]
[EventDate "2022.04.18"]
[EventCountry "IND"]
[SourceTitle "playchess.com"]
[Source "ChessBase"]
[SourceQuality "1"]
[TimeControl "5400+30"]

1. e4 e5 2. Nf3 Nc6 3. Bb5 a6 4. Ba4 Bc5 5. c3 Nge7 6. O-O Ng6 {[%emt 0:02:27] C64: Ruy Lopez: Classical Defence (3...Bc5) except 4 0-0 Nf6.} 7. d4 Ba7 8. Be3 {[%emt 0:11:33] [#]} d6 $146 {[%emt 0:15:05] White has an edge.} ({Predecessor:} 8... f6 9. Bb3 d6 10. dxe5 Bxe3 11. fxe3 dxe5 12. Nbd2 Qe7 13. Bd5 Nd8 14. a4 Ne6 {1-0 (62) Sarana,A (2649)-Indjic,A (2607) Chess.com INT 2021}) 9. dxe5 (9. Bg5 {is more complex.} f6 10. Be3 O-O 11. Re1) 9... Bxe3 10. Bxc6+ (10. fxe3 {is interesting.} b5 11. Bb3 Ngxe5 12. Nxe5 Nxe5 13. Bxf7+ Nxf7 14. Qd5) 10... bxc6 11. fxe3 O-O 12. exd6 cxd6 13. c4 Bg4 14. Qd2 Bxf3 15. gxf3 f5 16. Nc3 fxe4 17. Nxe4 Ne5 18. Qe2 (18. f4 $5 Nxc4 19. Qd3 $14) 18... d5 19. Nd2 d4 20. Kh1 d3 21. Qg2 Qb6 22. f4 (22. Rg1 Ng6 $15) 22... Ng6 23. f5 Nh4 (23... Ne5 $14) 24. Qh3 $1 $36 {[%emt 0:00:38][%mdl 2048] White is on the roll.} (24. Qe4 $6 Qxb2 25. Rad1 Qf6 $11) 24... Qxb2 25. Rad1 g5 (25... Qf6 $16 {was necessary.}) 26. Rg1 $1 $18 Nxf5 $2 (26... Qg7 27. e4 Kh8) 27. Rxg5+ Ng7 {[%emt 0:00:01] [#]} 28. Rdg1 $1 Ra7 {[%emt 0:00:13] [#]} (28... Rf7 29. Qe6) 29. R5g2 (29. Rh5 $1 $18 {[%cal Oh5h7] and the rest is easy.} Rf2 (29... Kf7 30. Rxh7) 30. Rxh7 $1) 29... Qe5 $16 30. e4 {[%emt 0:00:44] Strongly threatening Nf3.} Qd4 (30... Kh8 $16 {was called for.} 31. Qxd3 Ne6) 31. Qh6 c5 32. Qc6 (32. Rg3 $18 Qf6 33. Qh5) 32... Kh8 33. Qd5 (33. Rg3 $16) 33... Qe3 {[%emt 0:00:27] Against Nf3} (33... Rd7 $14 34. Qg5 (34. Qxd4 cxd4 35. Rb1 Rdf7 $11) 34... Rdf7) 34. Qe5 (34. Nb3 $16) 34... Rg8 $2 (34... Qd4 $14 35. Nf3 Qxe5 36. Nxe5 Ne6) 35. Qg5 $2 ({Weaker is} 35. Qd5 Re7 $16) (35. Qf6 $18) 35... Qd4 ({Better is} 35... Qxg5 $14 36. Rxg5 Rf7) 36. e5 ({White should play} 36. Qh6 $16) 36... Re8 37. Nf3 (37. Rf1 $1 $16) 37... Qxc4 $11 {[%emt 0:00:07] And now ...Qd5 would win.} 38. Qh6 Qe6 39. Qh4 (39. Rg6 $1 $11 {remains equal.} Qg8 40. Rd6 (40. Rxa6 Rxa6 41. Qxa6 c4 $17)) 39... Rae7 $2 {[%emt 0:00:52][%mdl 8192] [#]} (39... Qd5 $1 $17 {[%cal Rd5f3] and life is bright.} 40. Ng5 (40. Qf6 $2 Rf7 $19) 40... Ne6) 40. Qg3 {[%emt 0:00:31][%mdl 8192] [#]} (40. Ng5 $1 $18 {[%csl Gg5][%cal Rh4h7] is the narrow road to win.} Nf5 41. Qg4) 40... Rf8 $2 (40... Qd5 $1 $19 {Threatens to win with ...c4.} 41. Qg4 Rf8) 41. Ng5 $1 $15 Qf5 {[%emt 0:00:45] ...Nh5 is the strong threat.} 42. e6 $1 Nxe6 {[%emt 0:00:43] Black defended with fortune.  Weighted Error Value: White=0.56/Black=0.81} (42... Qd5 $2 43. Nf7+ Rfxf7 44. exf7 Qxf7 45. Qxd3 $18) 1/2-1/2

[Event "31st MPL National U18 Chess-ch 2022"]
[Site "Pollachi"]
[Date "2022.04.20"]
[Round "5.6"]
[White "Ayushh Ravikumar"]
[Black "John Veny Akkarakaran"]
[Result "0-1"]
[ECO "A13"]
[WhiteElo "2269"]
[BlackElo "1687"]
[Annotator "TA"]
[PlyCount "164"]
[EventDate "2022.04.18"]
[EventCountry "IND"]
[SourceTitle "playchess.com"]
[Source "ChessBase"]
[SourceQuality "1"]
[TimeControl "5400+30"]

1. Nf3 Nf6 2. b3 d5 3. Bb2 e6 4. g3 Bd6 5. Bg2 Nbd7 6. c4 O-O {[%emt 0:01:55] A13: English Opening: 1...e6.} 7. O-O b6 8. Nc3 Bb7 {[%emt 0:00:52] The position is equal.} 9. cxd5 exd5 10. Nd4 Re8 11. Rc1 a6 {[%emt 0:04:45] [#] Inhibits Ncb5.} 12. Re1 $146 ({Predecessor:} 12. e3 c5 13. Nde2 b5 14. Nf4 Nb6 15. a4 Bc6 16. a5 Bxf4 17. exf4 Nbd7 18. b4 {½-½ (28) Rotstein,A (2455)-Sveshnikov,E (2560) Bled 1997}) 12... g6 13. Nc2 Bf8 14. d4 (14. e3 {is more complex.} Ne4 15. Ne2 Rc8 16. Nf4) 14... h5 15. e3 a5 16. a3 (16. Na3 $11) 16... Bg7 (16... Ne4 $15) 17. b4 h4 18. bxa5 Rxa5 19. Nb4 Nf8 20. Ne2 c5 (20... Ne6 $11) 21. dxc5 $16 bxc5 22. Nd3 ({White should play} 22. Bxf6 $14 Bxf6 23. Nxd5) 22... Ne6 23. Nef4 Nxf4 24. Nxf4 Ne4 25. Bxg7 Kxg7 26. Qb3 Qa8 (26... Bc6 $11) 27. Ra1 (27. Qb2+ $1 $16 Kg8 28. gxh4) 27... Bc6 28. Red1 {[%emt 0:00:00] [#]} (28. Qb2+ $11 Kg8 29. gxh4) 28... c4 (28... d4 $1 $17 {And now ...Ba4 would win.} 29. Bxe4 (29. exd4 Ba4 $17) 29... Rxe4 30. exd4 cxd4) 29. Qb6 $11 hxg3 {[%emt 0:00:00] The board is on fire.} 30. hxg3 Kg8 31. Bxe4 Rxe4 (31... dxe4 $2 32. Rd6 Ba4 33. Qd4 $18) 32. Rab1 c3 33. Qc7 $2 (33. Rdc1 $11) 33... Re8 $2 ({Better is} 33... c2 $19 34. Ne2 (34. Rb8+ $2 Re8 $19) 34... cxd1=Q+ 35. Rxd1 Rc4) 34. Rdc1 (34. Rb6 $11 {keeps the balance.} Rc8 35. Qd6 Rxa3 36. Qf6) 34... Rxa3 (34... d4 $17 35. exd4 Ra7) 35. Qd6 Rc8 (35... d4 $5 36. Nxg6 Ra7 $11) 36. Qf6 Be8 37. Nh5 $2 gxh5 $19 38. Qg5+ Kf8 39. Qh6+ {[%emt 0:00:24] [#]} Ke7 $1 40. Qxh5 f6 {[%emt 0:01:02] Against Qe5+} 41. Qh7+ Bf7 {[%emt 0:00:19] White must now prevent ...Rh8.} 42. Rb6 Ra6 43. Rb3 Ra1 44. Rxa1 Qxa1+ 45. Kh2 Qa8 46. Qb1 Qc6 47. Rb7+ Rc7 48. Qb4+ Kd7 49. Rb6 Qc5 {[%emt 0:00:00] Strongly threatening ...Qxb4.} 50. Qg4+ Ke7 51. Rb1 c2 52. Rc1 Qa3 53. Qf4 Qd6 {[%emt 0:00:49] ...Qxf4 is the strong threat.} 54. Qf5 Qe5 55. Qd3 Qb2 56. Qd2 Qc3 57. Qe2 Bg6 58. Qg4 Kf7 {[%emt 0:02:51] ( -> ...Qd2)} 59. Qf4 Qe5 60. Qb4 Be4 61. f3 Qh5+ 62. Kg1 Qxf3 63. Qd2 Qxg3+ 64. Kf1 Qf3+ 65. Ke1 Qh1+ 66. Kf2 Qg2+ 67. Ke1 Qxd2+ (67... Qg1+ $142 68. Ke2 Qg3 69. Kf1 Rb7 70. Qf2 Bd3+ 71. Ke1 Rb1 72. Qxg3 Rxc1+ 73. Kf2 Rf1+ 74. Kg2 c1=Q 75. Qh4 Be4+ 76. Qxe4 dxe4 77. Kg3 Qxe3+ 78. Kh4 Rh1+ 79. Kg4 Qg5#) 68. Kxd2 {[%emt 0:00:04][%mdl 4096] Endgame KRB-KR} Ke6 69. Ke2 Ke5 70. Kd2 Rb7 71. Ke2 Rb1 72. Kd2 Rxc1 73. Kxc1 d4 74. exd4+ Kxd4 {[%emt 0:00:00] Black mates.} 75. Kd2 f5 76. Kc1 f4 77. Kd2 f3 78. Kc1 f2 79. Kd2 c1=Q+ 80. Kxc1 f1=Q+ 81. Kb2 Qb1+ 82. Ka3 Kc3 {[%emt 0:00:00] Weighted Error Value: White=0.71/Black=0.42} 0-1

[Event "31st MPL National U18 Chess-ch 2022"]
[Site "Pollachi"]
[Date "2022.04.20"]
[Round "5.7"]
[White "Ayush Sharma"]
[Black "Sathvik Adiga"]
[Result "1-0"]
[ECO "C95"]
[WhiteElo "2302"]
[BlackElo "1562"]
[Annotator "TA"]
[PlyCount "59"]
[EventDate "2022.04.18"]
[EventCountry "IND"]
[SourceTitle "playchess.com"]
[Source "ChessBase"]
[SourceQuality "1"]
[TimeControl "5400+30"]

1. e4 e5 2. Nf3 Nc6 3. Bb5 a6 4. Ba4 Nf6 5. O-O Be7 6. Re1 b5 7. Bb3 O-O 8. c3 d6 9. h3 Nb8 10. d4 Nbd7 11. c4 Bb7 12. Nc3 {[%emt 0:01:47] C95: Closed Ruy Lopez: Breyer Variation with 10 d4.} b4 13. Nd5 Nxd5 14. cxd5 {[%emt 0:09:18] White is slightly better.} c6 {[%emt 0:00:00] [#]} 15. dxe5 $1 {[%emt 0:04:56] [#]} Nxe5 $146 ({Predecessor:} 15... dxe5 16. d6 Bf6 17. Be3 a5 18. Rc1 Rc8 19. Ba4 Re8 20. Nd2 Re6 21. Nb3 Nb8 {½-½ (45) Mihalichenko,V (2276)-Tarlev,K (2358) Kharkov 2003}) 16. dxc6 Nxf3+ 17. Qxf3 Bxc6 {[%emt 0:00:00] [#]} 18. Bf4 $1 {[%emt 0:00:55] &Bianco is more active.} Bg5 (18... a5 $16 {is a better defense.}) 19. Rad1 $18 Be7 20. Qg3 {[%emt 0:06:18] And now Bh6 would win.} Re8 21. Bxd6 Qb6 $2 (21... Bh4 22. Bxf7+ Kxf7 23. Qb3+ (23. Qg4 Qg5 $15) (23. Qf3+ Qf6 $17) 23... Re6) 22. Qf4 Bxd6 23. Bxf7+ ({Weaker is} 23. Qxd6 Rac8 24. Rc1 Qb7 $18) 23... Kh8 24. Rxd6 {[%emt 0:00:02][%cal Od6h6] aiming for Rh6!} Rf8 25. Rc1 Rac8 {[%emt 0:00:00] [#]} (25... Qc7 26. Rcxc6 Qxf7 27. Qxf7 Rxf7 28. Rxa6 Rc8) 26. Rh6 $3 {[%emt 0:00:34][%cal Oh6h7][%mdl 512] Threatening mate with Rxh7+! White is clearly winning.} Rxf7 27. Qxf7 {[%emt 0:00:02][%cal Of7f5] Qf5! would kill now.} gxh6 28. Qf6+ Kg8 29. Qe6+ Kg7 30. Qxc8 {[%emt 0:00:05] Black did not feel at home in the position after the opening.  Weighted Error Value: White=0.15 (very precise) /Black=0.59} 1-0

[Event "31st MPL National U18 Chess-ch 2022"]
[Site "Pollachi"]
[Date "2022.04.20"]
[Round "5.8"]
[White "Ilamparthi A R"]
[Black "Sarvade Mihiir"]
[Result "1-0"]
[ECO "D32"]
[WhiteElo "1969"]
[BlackElo "1559"]
[Annotator "TA"]
[PlyCount "69"]
[EventDate "2022.04.18"]
[EventCountry "IND"]
[SourceTitle "playchess.com"]
[Source "ChessBase"]
[SourceQuality "1"]
[TimeControl "5400+30"]

1. c4 e6 2. Nc3 d5 3. e3 Nf6 4. Nf3 c5 5. cxd5 exd5 6. d4 Nc6 7. Be2 Be7 8. O-O O-O 9. b3 Be6 10. Bb2 Rc8 11. Rc1 Ne4 12. dxc5 Nxc5 13. Nb5 Ne4 {[%emt 0:05:09] [#]} 14. Rc2 $146 {[%emt 0:00:00] D32: Tarrasch Defence: Sidelines and lines without g3.} ({Predecessor:} 14. Nfd4 Qa5 15. Nxe6 fxe6 16. a3 Bf6 17. Bxf6 Rxf6 18. b4 Qd8 19. Bd3 a6 20. Bxe4 axb5 21. Bd3 Qb6 {1-0 (42) Cvek,R (2517)-Oganian,M (2370) Pardubice 2015}) 14... Bf6 15. Bxf6 Qxf6 16. a3 {[%emt 0:00:00] White has an edge.} Qg6 17. Re1 a6 18. Nbd4 Nxd4 19. Nxd4 Rxc2 20. Qxc2 Rc8 {[%emt 0:00:59] Inhibits Qc7.} 21. Qb2 Qf6 22. Bf3 Nd6 23. Qd2 Nf5 24. Nxf5 Qxf5 25. Qb4 b5 26. Qd6 Qd3 27. Qxa6 Qxb3 28. h3 g6 29. Qd6 Ra8 30. e4 dxe4 31. Rxe4 Rxa3 $2 {[%emt 0:00:50][%mdl 8192] [#]} ({Much less strong is} 31... Qxa3 32. Rxe6 fxe6 33. Qxe6+ Kg7 34. Qe5+ Kh6 35. Bxa8 Qxa8 36. Qxb5 $16) (31... Rc8 $11) 32. Qb8+ $1 $18 Kg7 {[%emt 0:00:06] Strongly threatening ...Qb2.} 33. Qe5+ Kg8 $2 {[%emt 0:00:27] [#]} (33... f6 34. Qxe6 Qxe6 35. Rxe6 h5) 34. Rd4 $1 Ra1+ 35. Kh2 {[%emt 0:00:00] Weighted Error Value: White=0.06 (flawless) /Black=0.56} 1-0